 Dungeon Crawl Stone Soup version 0.21.0-3-g78d12a8 (webtiles) character file.

46 Inchmeat the Cudgeler (level 3, -4/23 HPs)
             Began as a Gargoyle Monk on Jan 11, 2018.
             Killed by divine providence
             ... invoked by an orc priest
              (13 damage)
             ... on level 2 of the Dungeon.
             The game lasted 00:01:49 (1777 turns).

Inchmeat the Cudgeler (Gargoyle Monk)               Turns: 1777, Time: 00:01:50

Health: -4/23      AC:  8    Str: 15    XL:     3   Next: 66%
Magic:  3/3        EV: 11    Int: 10    God:
Gold:   49         SH:  0    Dex: 12    Spells: 2/2 levels left

rFire    . . .     SeeInvis .   a - +0 mace
rCold    . . .     Gourm    .   (no shield)
rNeg     + . .     Faith    .   j - +0 ring mail
rPois    ∞         Spirit   .   (no helmet)
rElec    +         Reflect  .   (no cloak)
rCorr    .         Harm     .   (no gloves)
MR       .....                  (no boots)
Stlth    +.........             (no amulet)
HPRegen  0.07/turn              (no ring)
MPRegen  0.08/turn              (no ring)

@: no status effects
A: negative energy resistance 1, electricity resistance, unbreathing,
petrification resistance, rot immunity, AC +3
a: no special abilities


You were on level 2 of the Dungeon.
You were not hungry.

You visited 1 branch of the dungeon, and saw 2 of its levels.

You collected 49 gold pieces.

Inventory:

Hand Weapons
 a - a +0 mace (weapon)
Armour
 j - a +0 ring mail (worn)
Wands
 l - a wand of digging (4)
Scrolls
 b - a scroll of immolation {unknown}
 d - 2 scrolls of remove curse {unknown}
 e - a scroll of identify {unknown}
 f - a scroll of magic mapping {unknown}
 g - a scroll of fear {unknown}
 h - a scroll of amnesia {unknown}
Potions
 i - a potion of cancellation {unknown}
 k - 3 potions of ambrosia {unknown}
Comestibles
 c - 2 rations


   Skills:
 - Level 3.2 Fighting
 * Level 4.5 Maces & Flails
 - Level 2.4 Dodging
 - Level 2.1 Stealth


You had 2 spell levels left.
You didn't know any spells.

Dungeon Overview and Level Annotations

Branches:
Dungeon (2/15)

Altars:


Innate Abilities, Weirdness & Mutations

You are resistant to torment.
Your stone body is resilient. (AC +3)
You are immune to poison.
You resist negative energy. (rN+)
You are resistant to electric shocks. (rElec)
You can survive without breathing.
You are immune to petrification.
You are immune to rotting.


Message History

Tha adder bites ye but does nay damage.
Ye barely miss tha adder.
Tha adder be heavily wounded.
Tha adder bites ye but does nay damage.
Tha orc priest hits ye from afar wit' a trident.
Tha adder barely misses ye.
Ye be too injured ta fight recklessly!
Ye be too injured ta fight recklessly!
Tha adder bites ye but does nay damage.
Tha adder closely misses ye.
Ye thump tha adder!
Ye kill tha adder!
Ye barely miss tha kobold.
Tha orc priest misses ye.
Tha kobold hits ye wit' a vampiric short sword.
Ye barely miss tha kobold.
Tha kobold barely misses ye.
Tha orc priest misses ye.
Tha orc priest invokes tha aid o' Beogh against ye.
Beogh smites ye!
Ouch! Tha re'lly hurt!
Ye die...

#..## ##..###
########...#####
###......###.....#
#........# #####.#
.........# #.#
.........##### #.##
......#.##...# #..####
...........#####@....#
.....##.#....o.K.....#
....###...######.....#
.######.### ##......#
........# ##.......#
.....##.#####........#
.....##..............#
#...................##
...................##


You could see an orc priest and a kobold.

Vanquished Creatures
  An adder (D:2)
  2 dart slugs (D:2)
  A leopard gecko (D:1)
  2 ball pythons (D:2)
  4 bats
  A giant cockroach (D:2)
  2 goblins
  4 hobgoblins
  5 jackals
  3 kobolds
  2 frilled lizards (D:1)
  3 rats
30 creatures vanquished.

Notes
Turn   | Place    | Note
-------+----------+-------------------------------------------
     0 | D:1      | Inchmeat the Gargoyle Monk began the quest for the Orb.
     0 | D:1      | Reached XP level 1. HP: 14/14 MP: 1/1
   501 | D:1      | Reached XP level 2. HP: 17/19 MP: 2/2
  1464 | D:2      | Reached skill level 4 in Maces & Flails
  1501 | D:2      | Reached XP level 3. HP: 23/23 MP: 3/3
  1777 | D:2      | Killed from afar by an orc priest

Skill      XL: |  1  2 |
---------------+-------+-----
Maces & Flails | 4 |  4.5
Fighting       | |  3.2
Dodging        | |  2.4
Stealth        | |  2.1

Action                   || total
-------------------------++-------
Melee: Mace              ||    89
 Stab: Sleeping          ||     2
  Eat: Chunk             ||     3
Armor: Robe              ||    14
       Ring mail         ||    36
Dodge: Dodged            ||    86
